 Dungeon Crawl Stone Soup version 0.21-a0-186-g02e8684 (webtiles) character file.

47 FrankyJ the Caller (level 3, -5/24 HPs)
             Began as a Demonspawn Summoner on Aug 13, 2017.
             Slain by Sigmund
             ... wielding a +0 scythe
              (13 damage)
             ... on level 2 of the Dungeon.
             The game lasted 00:04:39 (2213 turns).

FrankyJ the Caller (Demonspawn Summoner)            Turns: 2213, Time: 00:04:39

Health: -5/24      AC:  3    Str:  8    XL:     3   Next: 48%
Magic:  1/7        EV: 12    Int: 17    God:
Gold:   75         SH:  0    Dex: 13    Spells: 2/8 levels left

rFire    . . .     SeeInvis .   e - +2 dagger (elec)
rCold    . . .     Gourm    .   (no shield)
rNeg     . . .     Faith    .   f - +0 leather armour
rPois    .         Spirit   .   (no helmet)
rElec    .         Reflect  .   (no cloak)
rCorr    .         Harm     .   (no gloves)
MR       .....                  (no boots)
Stlth    ++........             (no amulet)
HPRegen  0.08/turn              (no ring)
MPRegen  0.10/turn              (no ring)

@: no status effects
A: talons 2
a: no special abilities


You were on level 2 of the Dungeon.
You were not hungry.

You visited 1 branch of the dungeon, and saw 2 of its levels.

You collected 75 gold pieces.

Inventory:

Hand Weapons
 e - a +2 dagger of electrocution (weapon)
Missiles
 i - 8 needles of confusion
Armour
 a - a +0 robe
 f - a +0 leather armour (worn)
Scrolls
 n - a scroll of identify {unknown}
 o - a scroll of blinking {unknown}
 p - 2 scrolls of teleportation {unknown}
Potions
 j - a potion of flight {unknown}
 k - a potion of lignification {unknown}
 m - a potion of agility {unknown}
Books
 b - a book of Callings

   Spells                             Type                      Level
   a - Summon Small Mammal            Summoning                    1
   b - Call Imp                       Summoning                    2
   c - Call Canine Familiar           Summoning                    3
   d - Summon Guardian Golem          Hexes/Summoning              3
   e - Summon Lightning Spire         Summoning/Air                4
   f - Summon Ice Beast               Ice/Summoning                4
Comestibles
 c - a bread ration
 d - a chunk of flesh
 l - a meat ration


   Skills:
 - Level 2.0 Dodging
 - Level 2.1 Stealth
 + Level 3.3 Spellcasting
 - Level 4.0 Summonings


You had 2 spell levels left.
You knew the following spells:

 Your Spells              Type           Power        Failure   Level  Hunger
a - Summon Small Mammal   Summ           ###.         4%          1    None
b - Call Imp              Summ           ###.....     7%          2    ##.....
c - Call Canine Familiar  Summ           ###.....     14%         3    ###....


Dungeon Overview and Level Annotations

Branches:
Dungeon (2/15)

Altars:

Annotations:
D:2 Sigmund


Innate Abilities, Weirdness & Mutations

You have razor-sharp toenails.


Message History

Aim: a giant cockroach (clinging) Attack!
Something barely misses your crimson imp.
Your crimson imp closely misses something.
Your crimson imp barely misses something.
Something hits your crimson imp!
Your crimson imp dies!
Your crimson imp hits something.
Your crimson imp closely misses the giant cockroach.
A puff of flame appears from out of thin air!
The puff of flame hits you!
Your crimson imp hits the giant cockroach but does no damage.
Your crimson imp hits the giant cockroach.
You hear some strange, mumbled words.
Something tries to affect you, but you resist.
You hit something. You claw something.
Your crimson imp hits the giant cockroach.
Something hits you!
Ouch! That really hurt!
You die...

#%. #### #######
#######.#####..###...[.#
....s............>.....#
######s######.##......#
#.# #..#......# #{#
##.#......# #.#
#........#
#5########.).....#
#.s{@.........####
##########..#.#
#######.÷#.#
#..........#
#÷######...#
#.#.#......#
#.#.#.#...########
#5#......>........
#.#####.###.######


You could see a giant cockroach and a friendly crimson imp.

Vanquished Creatures
  An adder (D:2)
  A dart slug (D:1)
  2 bats (D:1)
  2 giant cockroaches (D:1)
  2 goblins
  A hobgoblin (D:1)
  4 kobolds
  A frilled lizard (D:1)
  A rat (D:1)
15 creatures vanquished.

Vanquished Creatures (collateral kills)
  An adder (D:2)
  A leopard gecko (D:1)
  A giant cockroach (D:1)
  A goblin (D:1)
  A hobgoblin (D:1)
  4 jackals (D:1)
  A quokka (D:2)
  2 bats
  3 frilled lizards
  2 kobolds (D:1)
  A rat (D:1)
18 creatures vanquished.

Grand Total: 33 creatures vanquished

Notes
Turn   | Place    | Note
-------+----------+-------------------------------------------
     0 | D:1      | FrankyJ the Demonspawn Summoner began the quest for the Orb.
     0 | D:1      | Reached XP level 1. HP: 13/13 MP: 3/3
   430 | D:1      | Gained mutation: You have sharp toenails. [demonic ancestry]
   430 | D:1      | Reached XP level 2. HP: 9/19 MP: 0/5
   438 | D:1      | Learned a level 2 spell: Call Imp
  1679 | D:2      | Gained mutation: You have razor-sharp toenails. [demonic ancestry]
  1679 | D:2      | Reached XP level 3. HP: 24/24 MP: 7/7
  1705 | D:2      | Learned a level 3 spell: Call Canine Familiar
  1931 | D:2      | Noticed Sigmund
  2213 | D:2      | Slain by Sigmund

Vault maps used:
D:1:      tarquinn_simple_flora_water_c
D:2:      lexackson_kobold_supper, uniq_sigmund

Skill      XL: |  1  2 |
---------------+-------+-----
Stealth        | 2 |  2.1
Dodging        | 2 |  2.0
Spellcasting   | 3 |  3.3
Summonings     | |  4.0

Action                   || total
-------------------------++-------
Melee: Unarmed           ||    21
       Dagger            ||    50
       Kick              ||     6
       Short sword       ||     1
 Cast: Summon Small Mamm ||     9
       Call Imp          ||    14
  Use: Scroll            ||     2
 Stab: Sleeping          ||     3
  Eat: Chunk             ||     5
Armor: Robe              ||    11
       Leather armour    ||    12
Dodge: Dodged            ||    56
